AoeStats
← Marcelito1215

Oasis

510225611Analyzed
4v4 RM · 10h ago on Sep 30, 2026· 20m 30s· 8 players
Game mode
Random Map
Map size
Large (8 player)
Population
200
Speed
Normal
Resources
Standard
Victory
Conquest
Starting age
Dark Age
Ending age
Imperial Age
RankedLock teamsTeams togetherTeam positionsShared explorationLock speedFull tech treeHidden civsTurbo modeCheats
Victory
Defeat
🇦🇷 Mapuche · Argentina
893
+18
🇦🇷 Britons · Argentina
865
+19
🇦🇷 Magyars · Argentina
850
+52
🇦🇷 Turks · Argentina
776
+25
🇺🇸 Varangians · United States
966
-21
🇩🇪 Vikings · Germany
943
-20
🇵🇪 Vikings · Peru
922
-19
🇲🇽 Saxons · Mexico
902
-19
Luncheon
6:41 Loom
8:01 Loom
10:22 Feudal Age
14:19 Wheelbarrow
15:03 Double-Bit Axe
Guppy
11:43 Feudal Age
12:35 Horse Collar
12:48 Double-Bit Axe
15:06 Loom
LARRI CAVERGA
11:40 Feudal Age
12:06 Double-Bit Axe
20:05 Castle Age
HOO LEE SHEET
0:26 Loom
14:34 Feudal Age
15:50 Wheelbarrow
15:12 Double-Bit Axe
Brillantina6279
2:50 Loom
5:45 Loom
13:43 Feudal Age
14:53 Double-Bit Axe
15:01 Gold Mining
17:19 Scale Barding Armor
18:33 Horse Collar
20:23 Scale Mail Armor
Don Ramon
7:35 Loom
10:08 Feudal Age
12:07 Double-Bit Axe
15:06 Horse Collar
18:47 Castle Age
18:12 Fletching
18:22 Padded Archer Armor
19:05 Crossbowman
Marcelito1215
13:20 Feudal Age
12:57 Loom
16:09 Wheelbarrow
15:21 Town Watch
18:23 Castle Age
19:05 Town Watch
20:02 Hand Cart
sdp
2:44 Loom
7:12 Loom
9:30 Feudal Age
10:13 Double-Bit Axe
18:20 Castle Age
16:47 Fletching
18:47 Padded Archer Armor
19:02 Gold Mining
19:23 Bow Saw
20:34 Bodkin Arrow
Connection lost

Rejoining the realm…

Still unreachable

The connection could not be restored.

Session expired

The server has moved on; the page needs a fresh start.